 Dungeon Crawl Stone Soup version 0.24.0-13-gcf9b319 (webtiles) character file.

Game seed: 1715557565013273889, levelgen mode: deterministic

15 Doobh the Vexing (level 2, 0/12 HPs)
             Began as a Felid Enchanter on Dec 11, 2019.
             Slain by a jackal (3 damage)
             ... on level 1 of the Dungeon.
             The game lasted 00:02:38 (623 turns).

Doobh the Vexing (Felid Enchanter)                   Turns: 623, Time: 00:02:38

Health: 0/12       AC:  1    Str:  4    XL:     2   Next: 34%
Magic:  6/6        EV: 18    Int: 16    God:
Gold:   31         SH:  0    Dex: 16    Spells: 4/5 levels left
                                        Lives:  0   Deaths: 0

rFire    . . .     SeeInvis +     - Unarmed
rCold    . . .     Gourm    .   (shield unavailable)
rNeg     . . .     Faith    .   (armour unavailable)
rPois    .         Spirit   .   (helmet unavailable)
rElec    .         Reflect  .   (cloak unavailable)
rCorr    .         Harm     .   (gloves unavailable)
MR       .....                  (boots unavailable)
Stlth    +++.......             (no amulet)
HPRegen  0.04/turn              (no ring)
MPRegen  0.10/turn              (no ring)

@: quick
A: very small, no armour, no weapons or thrown items, stealth, claws 1, fangs 3,
see invisible, carnivore, speed 1, shaggy fur 1, slow metabolism 1, sharp paws
a: no special abilities


You were on level 1 of the Dungeon.
You were very full.

You visited 1 branch of the dungeon, and saw 1 of its levels.

You collected 31 gold pieces.

Inventory:

Scrolls
 a - a scroll of amnesia {unknown}
 d - 2 scrolls of remove curse {unknown}
 e - 2 scrolls of identify {unknown}
Comestibles
 b - a ration


   Skills:
 + Level 0.3 Fighting
 + Level 2.9 Dodging
 + Level 4.2 Stealth
 * Level 1.3 Unarmed Combat
 + Level 2.1 Spellcasting
 * Level 4.7 Hexes


You had 4 spell levels left.
You knew the following spells:

 Your Spells              Type           Power        Failure   Level  Hunger
a - Corona                Hex            ###....      3%          1    #......

Your spell library contained the following spells:

 Spells                   Type           Power        Failure   Level  Hunger
 Confuse                  Hex            ###.....     9%          3    ###....
 Tukima's Dance           Hex            ###.....     9%          3    ###....
 Ensorcelled Hibernation  Hex/Ice        #.....       12%         2    ###....
 Dazzling Spray           Conj/Hex       #.....       24%         3    ###....


Dungeon Overview and Level Annotations

Branches:
Dungeon (1/15)

Altars:


Innate Abilities, Weirdness & Mutations

You cannot wear armour.
You are incapable of wielding weapons or throwing items.
Your paws allow you to move quietly. (Stealth)
You have sharp claws.
You have razor-sharp teeth.
You have supernaturally acute eyesight. (SInv)
You are carnivorous and can eat meat at any time.
You cover ground quickly.
You are covered in fur. (AC +1)
You have a slow metabolism.
Your sharp claws are effective at attacking unaware monsters.


Message History

The jackal closely misses you.
You scratch the jackal but do no damage.
You bite the jackal, but do no damage.
The jackal is lightly wounded.
The jackal closely misses you.
You scratch the jackal but do no damage.
The jackal is lightly wounded.
The jackal misses you. x2
You scratch the jackal but do no damage.
The jackal is lightly wounded.
The jackal bites you.
The jackal stops glowing.
The jackal barely misses you. The jackal barely misses you.
The jackal bites you.
* * * LOW HITPOINT WARNING * * *
The jackal misses you. The jackal closely misses you. The jackal bites you.
You die...

#..#.#.# #.# #.
##...... #....#.#
#.# #.##..<....
#..###.#
#.#####..#.......
######..# #.#
#.##.........##..
#.......###.#
##....####...#####
#.####......#
#.h......##...# #
#.######
#.##.###.###..##
#.# #h##.#
#.#.#...#
#.########@##.#
#...##..###
#..........##.#
#....#.....
#############.#
#....###... #.#
##...####.. .#.
#......... # #
#....#####
#..#......
##...##### ##.##


You could see 2 jackals.

Vanquished Creatures
  An ooze (D:1)
  A dart slug (D:1)
  2 giant cockroaches (D:1)
  A jackal (D:1)
  A bat (D:1)
  A frilled lizard (D:1)
  2 goblins (D:1)
9 creatures vanquished.

Notes
Turn   | Place    | Note
-------+----------+-------------------------------------------
     0 | D:1      | Doobh the Felid Enchanter began the quest for the Orb.
     0 | D:1      | Reached XP level 1. HP: 7/7 MP: 4/4
   419 | D:1      | Reached XP level 2. HP: 11/11 MP: 6/6
   623 | D:1      | Slain by a jackal

Levels and vault maps discovered:
D:1:      dpeg_arrival_arbitrary_b, layout_loops_ring

Action                   || total
-------------------------++-------
Melee: Unarmed           ||    34
       Bite              ||     3
 Cast: Corona            ||     8
 Stab: Sleeping          ||     2
  Eat: Chunk             ||     6
Armor: Skin              ||     2
Dodge: Dodged            ||    34
